 Seeded DCSS version 0.32-a0-913-g739538afd8 (webtiles) character file.

Game seed: 20240409 (custom seed)

49025 Orlauf the Dancer (level 14, -38/116 HPs)
             Began as a Demonspawn Gladiator on Apr 9, 2024.
             Was an Elder of Uskayaw.
             Annihilated by Rupert
             ... wielding a +2 great sword of freezing
              (45 damage)
             ... on level 4 of the Lair of Beasts.
             The game lasted 00:31:24 (14902 turns).

Orlauf the Dancer (Demonspawn Gladiator)           Turns: 14902, Time: 00:31:26

Health: -38/116    AC: 20    Str: 18    XL:     14   Next: 14%
Magic:  24/24      EV:  9    Int: 10    God:    Uskayaw [****..]
Gold:   906        SH:  0    Dex: 15    Spells: 13/13 levels left

rFire   + . .        a - +1 war axe (vamp)
rCold   . . .        (no shield)
rNeg    . . .        o - +0 chain mail
rPois   .            v - -1 hat of Bilaas {Regen+ Slay+2}
rElec   .            j - +2 cloak {Stlth+}
rCorr   +            r - +0 pair of gloves
SInv    .            K - +0 pair of boots
Will    +....        O - amulet of faith Stlth
                     B - +4 ring of slaying
HPRegen 1.19/turn    f - ring of resist corrosion
MPRegen 0.19/turn

%: faith
@: no status effects
A: antennae 2, molten scales 3, demonic guardian 2
a: Renounce Religion, Stomp, Line Pass


You were on level 4 of the Lair of Beasts.
You worshipped Uskayaw.
Uskayaw was pleased with you.
You visited 3 branches of the dungeon, and saw 17 of its levels.

You collected 1074 gold pieces.
You spent 168 gold pieces at shops.

Inventory:

Hand Weapons
 a - a +1 vampiric war axe (weapon)
 b - the +8 whip "Snakebite" {venom, curare, rPois}
   (You took it off Amaemon on level 3 of the Lair of Beasts)

   rPois:     It protects you from poison.
 J - the +5 woodcutter's axe
   (You found it on level 7 of the Dungeon)
Missiles
 d - a throwing net
 L - 3 curare-tipped darts
Armour
 j - a +2 cloak of stealth (worn)
 o - a +0 chain mail (worn)
 r - a +0 pair of gloves (worn)
 v - the -1 hat of Bilaas (worn) {Regen+ Slay+2}
   (You found it on level 12 of the Dungeon)

   Slay+2:    It affects your accuracy & damage with ranged weapons and melee
   (+2).
   Regen+:    It increases your rate of health regeneration.
 K - a +0 pair of boots (worn)
Jewellery
 f - a ring of resist corrosion (right hand)
 g - a ring of fire
 k - a ring of magical power
 s - a +4 ring of slaying
 y - a +6 ring of dexterity
 A - an amulet of reflection
 B - a +4 ring of slaying (left hand)
 H - a +6 ring of dexterity
 O - an amulet of faith (around neck)
 R - a ring of protection from cold
 V - an amulet of regeneration
Wands
 i - a wand of light (10) (quivered)
 q - a wand of warping (8)
 t - a wand of polymorph (10)
 G - a wand of paralysis (7)
 Q - a wand of mindburst (7)
 S - a wand of flame (9)
 W - a wand of digging (6)
Scrolls
 h - 3 scrolls of fog
 n - 3 scrolls of fear
 u - 8 scrolls of teleportation
 w - 4 scrolls of vulnerability
 D - a scroll of brand weapon
 I - 4 scrolls of immolation
 M - 2 scrolls of enchant weapon
 P - a scroll of silence
 U - a scroll of poison
Potions
 c - 2 potions of mutation
 e - 3 potions of curing
 l - 2 potions of magic
 m - 2 potions of attraction
 p - 3 potions of brilliance
 z - 3 potions of ambrosia
 C - a potion of heal wounds
 F - 3 potions of enlightenment
 T - a potion of resistance


   Skills:
 - Level 12.4 Fighting
 + Level 14.2 Axes
 - Level 1.7 Throwing
 * Level 8.9 Armour
 + Level 5.7 Dodging
 + Level 14.6 Invocations


You had 13 spell levels left.
You didn't know any spells.
Your spell library contained the following spells:

 Spells                   Type           Power      Damage    Failure   Level
 Magic Dart               Conj           0%         1d3       95%         1
 Slow                     Hex            0%         N/A       95%         1
 Blink                    Tloc           0%         N/A       98%         2
 Call Imp                 Summ           0%         N/A       98%         2
 Lesser Beckoning         Tloc           0%         N/A       98%         2
 Confusing Touch          Hex            0%         N/A       100%        3
 Maxwell's Portable Pile  Tloc           0%         2d(5-13)  100%        3
 Stone Arrow              Conj/Erth      0%         3d7       100%        3
 Teleport Other           Tloc           0%         N/A       100%        3
 Tukima's Dance           Hex            0%         N/A       100%        3
 Vampiric Draining        Necr           0%         2d6       100%        3
 Animate Armour           Summ/Erth      0%         N/A       100%        4
 Passage of Golubria      Tloc           0%         N/A       100%        4
 Silence                  Hex/Air        0%         N/A       100%        5
 Yara's Violent Unravell  Hex/Alch       0%         3d3       100%        5
 Sculpt Simulacrum        Ice/Alch       0%         N/A       100%        6
 Ozocubu's Refrigeration  Ice            0%         4d7       100%        7
 Lehudib's Crystal Spear  Conj/Erth      0%         10d2      100%        8
 Polar Vortex             Ice            0%         N/A       100%        9


Dungeon Overview and Level Annotations

Branches:
Dungeon (12/15)            Temple (1/1) D:4            Lair (4/5) D:9
  Swamp (0/4) Lair:2        Snake (0/4) Lair:2          Orc (0/2) D:10
  Slime: Lair:4-5

Altars:
Ashenzari
Cheibriados
Dithmenos
Fedhas
Gozag
Hepliaklqana
Kikubaaqudgha
Makhleb
Nemelex Xobeh
Okawaru
Qazlal
Ru
Sif Muna
Trog
Uskayaw
Vehumet
Wu Jian
Xom
Yredelemnul

Shops:
D:5 [   D:6 [   D:12 !

Annotations:
D:6 1 runed translucent door, ratmeat3's ghost, novice OpFi
Lair:4 Rupert


Innate Abilities, Weirdness & Mutations

You have a pair of antennae on your head.
You are completely covered in molten scales. (AC +4, rF+)
A demonic guardian rushes to your aid.


Message History

The helpless Rupert fails to defend himself.
You slash Rupert!
Rupert is heavily wounded.
Your hellwing hits the komodo dragon!
Your hellwing hits the komodo dragon but does no damage.
The helpless Rupert fails to defend himself.
You chop Rupert into pieces!!!
You feel better.
Rupert is severely wounded.
Your hellwing hits the komodo dragon!
Your hellwing hits the komodo dragon but does no damage.
The helpless Rupert fails to defend himself.
You slash Rupert!
You feel better.
Rupert is almost dead.
Rupert is no longer paralysed.
Uskayaw will force your foes to share their pain.
Uskayaw links your audience in an emotional bond!
You slash Rupert!
You feel better.
Rupert is almost dead.
Rupert completely misses you.
Your hellwing hits the komodo dragon but does no damage.
Your hellwing hits the komodo dragon. You hit Rupert but do no damage.
Rupert is almost dead.
The komodo dragon is no longer paralysed.
The komodo dragon bites your hellwing!
Rupert hits you with a +2 great sword of freezing!!
* * * LOW HITPOINT WARNING * * *
Rupert freezes you!
* * * LOW HITPOINT WARNING * * *
Your hellwing barely misses the komodo dragon.
Your hellwing hits the komodo dragon but does no damage.
You hit Rupert.
Rupert is almost dead.
The komodo dragon bites your hellwing but does no damage.
Your hellwing hits the komodo dragon.
The komodo dragon dies!
Rupert hits you with a +2 great sword of freezing!!!
You die...
Rupert roars with triumph.
Your body falls in perfect tune with the rhythm.

{ ### ###
#####.###@#
#......†@##
#...<..(4# .
..#.......#....
............$.!.
...........P....
..#.........###.
. ##........#
######.###


You could see Rupert (berserk, poisoned, slow, pain bonded) and a friendly
hellwing (summoned).

Vanquished Creatures
  The ghost of olmar the Bludgeoner, a journeyman MDMo of Gozag (D:12)
  A catoblepas (D:12)
  6 boulder beetles
  2 two-headed ogres
  5 death yaks (Lair:3)
  Amaemon (Lair:3)
  A lindwurm (Lair:2)
  3 deep elf pyromancers (D:12)
  4 cyclopes (D:12)
  3 manticores
  8 centaur zombies (D:11)
  3 black mambas
  A rime drake (Lair:2)
  5 cane toads
  3 unseen horrors (D:12)
  A yaktaur (D:12)
  An efreet (D:12)
  3 komodo dragons (Lair:1)
  2 tengu conjurers (D:12)
  6 kobold demonologists (D:12)
  7 trolls
  16 blink frogs
  2 meliai zombies (D:11)
  A vampire (D:12)
  3 shadows
  A water elemental (D:11)
  33 yaks
  3 wraiths
  2 wyverns (Lair:3)
  2 basilisks
  18 vampire mosquitoes
  A steam dragon (D:9)
  An acid dragon (D:12)
  5 water moccasins
  2 sky beasts
  4 orc warriors
  3 ice beasts
  5 centaurs
  21 wolves
  3 ogres
  6 gnoll sergeants
  9 kobold brigands
  9 bullfrogs
  4 scorpions
  7 wights
  17 killer bees
  7 electric eels
  6 howler monkeys
  2 bombardier beetles
  4 gnoll boudas
  4 orc priests
  6 hounds (D:9)
  2 jellies
  4 sleepcaps
  3 iguanas
  6 orc wizards
  20 gnolls
  10 adders
  5 shadow imps (D:6)
  2 ufetubi (D:6)
  4 dart slugs
  3 ribbon worms
  37 orcs
  4 ball pythons
  4 endoplasms
  3 giant cockroaches
  13 goblins
  3 hobgoblins
  4 jackals (D:2)
  14 kobolds
  3 quokkas
  5 bats (D:1)
  3 frilled lizards
  8 rats
434 creatures vanquished.

Vanquished Creatures (collateral kills)
  A two-headed ogre (D:12)
  A death yak (Lair:3)
  A deep elf pyromancer (D:12)
  An ugly thing (D:12)
  A manticore (D:12)
  A centaur zombie (D:11)
  An orange demon (Lair:3)
  A rime drake (Lair:3)
  3 komodo dragons
  Sigmund (D:2)
  2 vampire mosquitoes (Lair:2)
  A black bear (D:5)
  An electric eel (D:11)
  An orc priest (D:11)
  A gnoll (D:10)
  An adder (D:3)
  A bat (D:3)
  A ball python (D:2)
21 creatures vanquished.

Vanquished Creatures (others)
  A kobold (D:3)
1 creature vanquished.

Grand Total: 456 creatures vanquished

Notes
Turn   | Place    | Note
-------+----------+-------------------------------------------
     0 | D:1      | Orlauf the Demonspawn Gladiator began the quest for the
                  | Orb.
     0 | D:1      | Reached XP level 1. HP: 16/16 MP: 1/1
   140 | D:1      | Gained mutation: You are partially covered in molten
                  | scales. (AC +2) [demonic ancestry]
   140 | D:1      | Reached XP level 2. HP: 13/22 MP: 2/2
   495 | D:1      | Gained mutation: A weak demonic guardian rushes to your
                  | aid. [demonic ancestry]
   495 | D:1      | Reached XP level 3. HP: 23/28 MP: 3/3
   958 | D:2      | Gained mutation: You have a pair of small antennae on your
                  | head. [demonic ancestry]
   958 | D:2      | Reached XP level 4. HP: 35/35 MP: 4/4
   973 | D:2      | Found a shimmering altar of Xom.
  1227 | D:2      | Noticed Sigmund
  1250 | D:2      | Killed Sigmund
  1251 | D:2      | Reached skill level 5 in Axes
  1251 | D:2      | Reached XP level 5. HP: 27/42 MP: 5/5
  1491 | D:3      | Reached XP level 6. HP: 48/48 MP: 6/6
  1544 | D:3      | Found a bloodstained altar of Trog.
  1745 | D:3      | Found an iron altar of Okawaru.
  2177 | D:4      | Found a basalt altar of Yredelemnul.
  2481 | D:4      | Found a snail-covered altar of Cheibriados.
  2540 | D:4      | Found a staircase to the Ecumenical Temple.
  2549 | Temple   | Entered the Ecumenical Temple
  2564 | Temple   | Became a worshipper of Uskayaw the Reveller
  2813 | D:5      | Entered Level 5 of the Dungeon
  2864 | D:5      | Identified the +7 arbalest of the Holding Fulmar {drain,
                  | *Slow rN++ rCorr}
  2881 | D:5      | Reached * piety under Uskayaw
  2885 | D:5      | Reached ** piety under Uskayaw
  2886 | D:5      | Reached skill level 1 in Invocations
  2886 | D:5      | Reached XP level 7. HP: 37/55 MP: 7/7
  3101 | D:5      | Reached skill level 5 in Fighting
  3271 | D:5      | Found Soffuxunaa's Armour Emporium.
  3455 | D:5      | Reached XP level 8. HP: 58/63 MP: 10/10
  3584 | D:5      | Reached *** piety under Uskayaw
  4013 | D:6      | Reached skill level 5 in Invocations
  4017 | D:6      | Reached **** piety under Uskayaw
  4192 | D:6      | Found Xuis's Armour Shoppe.
  4353 | D:6      | Found a runed translucent door.
  4353 | D:6      | Noticed ratmeat3's ghost (novice OpFi)
  4769 | D:7      | Reached XP level 9. HP: 44/71 MP: 13/13
  4891 | D:7      | Found a sacrificial altar of Ru.
  5393 | D:7      | Found the +5 woodcutter's axe
  5540 | D:8      | Reached ***** piety under Uskayaw
  6219 | D:9      | Reached skill level 10 in Axes
  6228 | D:9      | Reached ****** piety under Uskayaw
  6231 | D:9      | Noticed a troll
  6237 | D:9      | Gained mutation: You are mostly covered in molten scales.
                  | (AC +3) [demonic ancestry]
  6237 | D:9      | Reached XP level 10. HP: 36/76 MP: 14/16
  6584 | D:9      | Found a burning altar of Makhleb.
  6983 | D:9      | Found a staircase to the Lair.
  7268 | D:10     | Entered Level 10 of the Dungeon
  7332 | D:10     | Noticed a two-headed ogre
  7339 | D:10     | Killed a two-headed ogre
  7747 | D:10     | Found a staircase to the Orcish Mines.
  8046 | D:11     | Noticed a manticore
  8062 | D:11     | HP: 1/83 [manticore (7)]
  8063 | D:11     | Killed a manticore
  8064 | D:11     | Reached skill level 10 in Invocations
  8331 | D:11     | Gained mutation: A demonic guardian rushes to your aid.
                  | [demonic ancestry]
  8331 | D:11     | Reached XP level 11. HP: 48/89 MP: 18/18
  8851 | D:11     | Found a basalt altar of Yredelemnul.
  9045 | D:11     | Reached skill level 1 in Armour
  9094 | D:11     | Reached skill level 10 in Fighting
 10166 | D:12     | Noticed a boulder beetle
 10197 | D:12     | Killed a boulder beetle
 10203 | D:12     | Gained mutation: You are completely covered in molten
                  | scales. (AC +4, rF+) [demonic ancestry]
 10203 | D:12     | Reached XP level 12. HP: 99/99 MP: 20/20
 10203 | D:12     | Noticed a boulder beetle
 10218 | D:12     | Killed a boulder beetle
 10225 | D:12     | Noticed a two-headed ogre
 10249 | D:12     | Killed a two-headed ogre
 10250 | D:12     | Noticed a boulder beetle
 10264 | D:12     | Killed a boulder beetle
 10273 | D:12     | Noticed a catoblepas
 10596 | D:12     | Killed a catoblepas
 10809 | D:12     | Noticed a boulder beetle
 10817 | D:12     | Killed a boulder beetle
 11212 | D:12     | Reached skill level 5 in Armour
 11248 | D:12     | Found a runed translucent gate.
 11248 | D:12     | Found a runed translucent gate.
 11249 | D:12     | Noticed olmar's ghost (journeyman MDMo)
 11250 | D:12     | Found a runed translucent gate.
 11267 | D:12     | Found Weannaut's Distillery.
 11536 | D:12     | Noticed a boulder beetle
 11549 | D:12     | Killed a boulder beetle
 11550 | D:12     | Reached XP level 13. HP: 107/109 MP: 22/22
 11573 | D:12     | Found an iron altar of Okawaru.
 11788 | D:12     | Bought a potion of curing for 36 gold pieces
 11788 | D:12     | Bought a potion of curing for 36 gold pieces
 11788 | D:12     | Bought a potion of heal wounds for 60 gold pieces
 11788 | D:12     | Bought a potion of curing for 36 gold pieces
 11912 | D:12     | Killed olmar's ghost
 11939 | D:12     | Identified the -1 hat of Bilaas {Regen+ Slay+2}
 12077 | Lair:1   | Entered Level 1 of the Lair of Beasts
 12857 | Lair:1   | Identified the +1 robe of the Cicada {Regen+ Str-2 SInv
                  | Stlth+}
 13391 | Lair:2   | Found a staircase to the Swamp.
 13455 | Lair:2   | Found a staircase to the Snake Pit.
 13662 | Lair:2   | Reached skill level 5 in Dodging
 14054 | Lair:3   | Noticed Amaemon
 14070 | Lair:3   | Killed Amaemon
 14431 | Lair:3   | Gained mutation: You have a pair of antennae on your head.
                  | [demonic ancestry]
 14431 | Lair:3   | Reached XP level 14. HP: 116/116 MP: 24/24
 14879 | Lair:4   | Noticed Rupert
 14902 | Lair:4   | Annihilated by Rupert

Illustrated notes

Levels and vault maps discovered:
D:1:      minmay_arrival_three_doors, layout_basic
D:2:      layout_basic, basic_altar, minmay_tetromino_t4, uniq_sigmund
D:3:      layout_rooms, mainiacjoe_overflow_catch_the_wave, eino_tiny_chamber
D:4:      layout_rooms, kennysheep_slug_shrine, mainiacjoe_overflow_chevrons,
          minmay_temple_entry_stoned_glass, fountainhead
D:5:      layout_gridville, serial_shops, shop, serial_bayou_ford_a,
          chequers_serial_rivers_micro_a
D:6:      layout_loops_ring, serial_demonic, serial_demonic_c, serial_demonic_g,
          serial_demonic_f, serial_demonic_c, gammafunk_ghost_grave,
          serial_shops, shop_fountains, nicolae_elevator_lobby_plus
D:7:      layout_loops_ring, nicolae_ru_awakened_eye, hangedman_glass_teeth,
          pf_guarded_unrand_woodcutter
D:8:      layout_rooms
D:9:      layout_loops_ring, kennysheep_mini_moat, erik_lair_island
D:10:     layout_roguey, david_orc_2
D:11:     erik_rubicon_a, layout_basic, serial_bayou_lagoon_a,
          nicolae_yredelemnul_corpse_copse
D:12:     minmay_the_grid_4x2 [minmay_the_grid_tree, minmay_the_grid_square_x,
          minmay_the_grid_large_cup, minmay_the_grid_broken_lines,
          minmay_the_grid_minigrid_small, minmay_the_grid_medium_cups,
          minmay_the_grid_box_x, minmay_the_grid_prize_four_corners],
          layout_basic, serial_shops, nicolae_inconvenience_store,
          gammafunk_ghost_nasty_kobolds, minmay_misc_feat_pillars,
          chequers_arboretum, kennysheep_okawaru_gauntlet
Temple:   compressed_dpeg_triangle_lava_temple
Lair:1:   layout_long_grid, infiniplex_staircase_pool_2, grunt_megastairs_4
Lair:2:   layout_loops_ring, minmay_swamp_entry_swarm, dummy_snake_entry
Lair:3:   layout_loops_ring, uniq_amaemon
Lair:4:   layout_loops_ring, basic_altar, ice2_lemuel, lemuel_fruit_tree,
          uniq_rupert

Skill      XL: |  1  2  3  4  5  6  7  8  9 10 11 12 13 |
---------------+----------------------------------------+-----
Axes           | 3 4 5 6 7 8 10 11 12 13 14 | 14.2
Fighting       | 3 4 5 6 7 9 10 12 | 12.4
Invocations    | 1 3 5 8 10 11 13 14 | 14.6
Armour         | 2 5 8 |  8.9
Dodging        | 3 5 |  5.7
Throwing       | |  1.7

Action                     |  1- 3 |  4- 6 |  7- 9 | 10-12 | 13-15 || total
---------------------------+-------+-------+-------+-------+-------++-------
  Melee: War axe           |   133 |   151 |   204 |   392 |   321 ||  1201
         Battleaxe         |       |       |    37 |    23 |       ||    60
  Throw: Throwing net      |       |     2 |     2 |     3 |     1 ||     8
         Dart              |       |       |       |     7 |     1 ||     8
         Javelin           |       |       |       |       |     1 ||     1
 Invoke: Grand Finale      |       |       |       |     3 |       ||     3
  Evoke: Wand              |       |       |     5 |    14 |     1 ||    20
    Use: Scroll            |     4 |     7 |     5 |     9 |     2 ||    27
         Potion            |       |       |     1 |     6 |     5 ||    12
   Stab: Sleeping          |     2 |       |       |       |       ||     2
         Held in net/web   |       |     1 |       |     1 |     1 ||     3
         Distracted        |       |       |     1 |     2 |       ||     3
         Paralysed         |       |       |    22 |    45 |    74 ||   141
         Petrified         |       |       |       |     1 |       ||     1
 Armour: Leather armour    |   105 |       |       |       |       ||   105
         Ring mail         |       |    80 |       |       |       ||    80
         Chain mail        |       |    57 |   222 |   559 |   266 ||  1104
  Dodge: Dodged            |   107 |    98 |    89 |   183 |   104 ||   581

Table legend: (Time is in decaauts)
 A = Elapsed time spent in this place.
 B = Non-inter-level travel time spent in this place.
 C = Inter-level travel time spent in this place.
 D = Time resting spent in this place.
 E = Time spent auto-exploring this place.
 F = Levels seen in this place.
 G = Mean time per level.
                   A        B        C        D        E       F      G
               +--------+--------+--------+--------+--------+-----+--------+
         Total |  14895 |  14434 |    461 |   1767 |   9561 |  17 |  876.2 |
       Dungeon |  12090 |  11711 |    379 |   1655 |   7381 |  12 | 1007.5 |
        Temple |     25 |     15 |     10 |      0 |      0 |   1 |   25.0 |
          Lair |   2779 |   2708 |     71 |    112 |   2180 |   4 |  694.8 |
               +--------+--------+--------+--------+--------+-----+--------+

Top non-repeatable levels by time:
    D:11: 2121 daAuts
    D:12: 1831 daAuts
  Lair:1: 1187 daAuts
     D:9: 1122 daAuts
     D:5: 1009 daAuts
     D:7: 1008 daAuts
  Lair:3: 850 daAuts
     D:2: 804 daAuts
    D:10: 779 daAuts
     D:3: 777 daAuts
  Lair:2: 722 daAuts
     D:6: 710 daAuts
     D:8: 645 daAuts
     D:4: 642 daAuts
     D:1: 639 daAuts
